AoeStats
← Enlightened

Arena

510280242Analyzed
2v2 RM · 7h ago on Sep 30, 2026· 43m 16s· 4 players
Game mode
Random Map
Map size
Medium (4 player)
Population
200
Speed
Normal
Resources
Standard
Victory
Conquest
Starting age
Dark Age
Ending age
Imperial Age
RankedLock teamsTeams togetherTeam positionsShared explorationLock speedFull tech treeHidden civsTurbo modeCheats
Victory
Defeat
🇦🇺 Sicilians · Australia
1444
+11
🇪🇸 Britons · Spain
1289
+16
🇻🇳 Wei · Vietnam
1324
-14
🇫🇷 Britons · France
1305
-13
bina
9:33 Feudal Age
12:03 Double-Bit Axe
15:59 Castle Age
14:09 Horse Collar
14:39 Gold Mining
15:19 Stone Mining
16:58 Bow Saw
18:14 Sanctity
18:32 Husbandry
22:04 Heavy Plow
21:51 Loom
23:50 Wheelbarrow
24:30 Bloodlines
24:48 Scale Barding Armor
24:53 Forging
26:53 Chain Barding Armor
28:36 Tuntian
29:21 Hand Cart
30:40 Iron Casting
34:36 Imperial Age
32:17 Town Watch
33:52 Caravan
34:38 Heavy Hei Guang Cavalry
35:53 Ming Guang Armor
36:09 Conscription
37:40 Blast Furnace
41:03 Fletching
42:48 Bodkin Arrow
42:54 Padded Archer Armor
43:16 Ballistics
43:56 Chemistry
42:38 Treadmill Crane
43:09 Masonry
Mandrianus
9:31 Feudal Age
13:28 Castle Age
11:46 Double-Bit Axe
12:04 Horse Collar
15:36 Bow Saw
20:23 Heavy Plow
22:35 Wheelbarrow
21:45 Loom
22:06 Gold Mining
22:07 Stone Mining
24:23 Gold Shaft Mining
23:48 Fletching
23:50 Crossbowman
25:35 Town Watch
29:35 Imperial Age
27:24 Padded Archer Armor
28:17 Yeomen
28:07 Bodkin Arrow
28:40 Ballistics
29:18 Leather Archer Armor
29:42 Masonry
30:19 Bracer
31:22 Chemistry
30:00 Arbalester
32:39 Architecture
32:07 Elite Longbowman
36:51 Ring Archer Armor
36:51 Caravan
37:01 Guilds
37:22 Coinage
41:18 Two-Man Saw
41:51 Elite Skirmisher
Enlightened
11:24 Feudal Age
12:38 Horse Collar
12:50 Double-Bit Axe
15:21 Castle Age
13:12 Horse Collar
16:05 Heavy Plow
16:16 Bow Saw
25:21 Gold Mining
25:15 Crossbowman
25:50 Fletching
25:44 Pikeman
27:36 Wheelbarrow
27:09 Bodkin Arrow
27:39 Padded Archer Armor
28:03 Ballistics
29:07 Loom
29:44 Fortified Wall
29:29 Murder Holes
30:47 Hand Cart
33:20 Imperial Age
32:34 Scale Mail Armor
32:50 Leather Archer Armor
32:46 Forging
33:26 Arbalester
34:20 Bracer
34:47 Forging
34:52 Chain Mail Armor
37:18 Iron Casting
40:26 Blast Furnace
39:56 Plate Mail Armor
39:56 Ring Archer Armor
39:45 Squires
40:26 Gold Shaft Mining
39:41 Stone Mining
40:35 Halberdier
41:01 Arson
42:21 Chemistry
41:27 Siege Engineers
AutoEveryThing
10:48 Feudal Age
14:27 Castle Age
12:21 Horse Collar
14:45 Double-Bit Axe
20:30 Bow Saw
22:07 Wheelbarrow
22:43 Scale Mail Armor
22:41 Stone Mining
23:44 Hand Cart
24:03 Gold Mining
24:06 Loom
24:34 Forging
24:52 Squires
25:47 Chain Mail Armor
25:39 Heavy Plow
26:26 First Crusade
26:40 First Crusade
26:30 Town Watch
27:23 Fletching
28:11 Iron Casting
27:27 Fletching
30:31 Imperial Age
28:47 Ballistics
28:53 Town Patrol
31:47 Plate Mail Armor
32:18 Blast Furnace
30:40 Elite Serjeant
31:24 Bodkin Arrow
32:36 Chemistry
31:23 Arrowslits
35:05 Bracer
35:30 Padded Archer Armor
35:58 Siege Engineers
36:06 Masonry
35:34 Elite Skirmisher
36:56 Leather Archer Armor
37:24 Conscription
38:31 Capped Ram
38:55 Pikeman
39:48 Scale Barding Armor
39:24 Halberdier
40:57 Chain Barding Armor
40:29 Siege Ram
41:20 Siege Engineers
42:13 Plate Barding Armor
41:10 Cavalier
42:01 Bloodlines
41:53 Husbandry
43:07 Light Cavalry
Connection lost

Rejoining the realm…

Still unreachable

The connection could not be restored.

Session expired

The server has moved on; the page needs a fresh start.